 Dungeon Crawl Stone Soup version 0.28-a0-1236-gb25a51b929 (webtiles) character file.

Game seed: 3162627382360220570

17 enile the Skirmisher (level 2, -3/24 HPs)
             Began as a Formicid Abyssal Knight on Dec 26, 2021.
             Was an Initiate of Lugonu.
             Slain by an adder (4 damage)
             ... on level 2 of the Dungeon.
             The game lasted 00:02:08 (635 turns).

enile the Skirmisher (Formicid Abyssal Knight)       Turns: 635, Time: 00:02:09

Health: -3/24      AC:  3    Str: 15 (17) XL:     2   Next: 80%
Magic:  3/3        EV: 11    Int:  7 (9)  God:    Lugonu [......]
Gold:   7          SH:  0    Dex:  5 (7)  Spells: 1/1 levels left

rFire   . . .      SeeInvis +   a - +1 falchion
rCold   . . .      Faith    .   (no shield)
rNeg    . . .      Spirit   .   b - +0 leather armour
rPois   .          Reflect  .   (helmet unavailable)
rElec   .          Harm     .   (no cloak)
rCorr   .          Rampage  .   (no gloves)
Will    .....                   (no boots)
Stlth   +.........              (no amulet)
HPRegen 0.08/turn               (no ring)
MPRegen 0.08/turn               (no ring)

@: no status effects
A: permanent stasis, dig shafts and tunnels, antennae 3, four strong arms,
[clumsy 2], [low mp 2], [screaming 2]
a: Dig, Shaft Self, Renounce Religion


You were on level 2 of the Dungeon.
You worshipped Lugonu.
Lugonu was noncommittal.
You visited 1 branch of the dungeon, and saw 2 of its levels.
You visited the Abyss 1 time.

You collected 7 gold pieces.

Inventory:

Hand Weapons
 a - a +1 falchion (weapon)
 e - a +0 mace
Armour
 b - a +0 leather armour (worn)
Scrolls
 c - a scroll of identify
Potions
 d - a potion of curing


   Skills:
 + Level 3.5 Fighting
 - Level 2.2 Long Blades
 - Level 2.5 Armour
 - Level 1.2 Dodging
 - Level 2.5 Invocations


You had one spell level left.
You didn't know any spells.
Your spell library was empty.

Dungeon Overview and Level Annotations

Branches:
Dungeon (1/15)

Altars:

Shops:
D:1 (


Innate Abilities, Weirdness & Mutations

You cannot be hasted, slowed, berserked, paralysed or teleported.
You can dig through walls and to a lower floor.
You have a pair of large antennae on your head. (SInv)
Your four strong arms can wield two-handed weapons with a shield.
[You are very clumsy. (Dex -4)]
[Your magical capacity is very low. (-20% MP)]
[You frequently scream uncontrollably at your foes.]


Message History

You fall into a shaft and drop 1 floor!
The shaft crumbles and collapses.
The endoplasm quivers.
The adder hisses angrily.
Found 10 gold pieces and a scroll labelled HEAJUM ZOSK.
The bat barely misses you.
You scream at the frilled lizard!
A frilled lizard comes into view.
The frilled lizard hisses angrily.
You hear a bark! x2; You hear a shout!
You hear an angry hiss.
You hear a bark!
You hear an angry hiss.
The endoplasm closely misses you. The bat closely misses you.
Okay, then.
The bat barely misses you. The bat hits you but does no damage.
A jackal comes into view.
The bat misses you. The frilled lizard misses you.
The bat hits you but does no damage. The frilled lizard barely misses you.
A kobold comes into view. It is wielding a +0 dagger.
Found an opal ring.
The bat barely misses you. The frilled lizard bites you.
* * * LOW HITPOINT WARNING * * *
The bat closely misses you.
An endoplasm comes into view.
The adder completely misses you. The bat barely misses you.
The bat barely misses you.
The kobold throws a stone.
The stone barely misses you. The bat closely misses you. The bat hits you.
* * * LOW HITPOINT WARNING * * *
The bat hits you.
* * * LOW HITPOINT WARNING * * *
The bat hits you.
* * * LOW HITPOINT WARNING * * *
The bat hits you but does no damage. The bat hits you but does no damage.
The bat hits you but does no damage. The bat closely misses you.
You closely miss the bat. The bat misses you. The adder bites you.
* * * LOW HITPOINT WARNING * * *
The adder bites you.
You die...

#.#........#.....
###................
#...{K....r###.....
....##J#.............
# #.####..........
#J# #.......... ##l#
#...J...... ##S.#
#.......... #@.##
#.J........ #.## .b.
#.### .. ..# #.# ..


You could see an adder, an endoplasm, a bat and a frilled lizard.

Vanquished Creatures
  2 dart slugs (D:1)
  A bat (D:1)
  An endoplasm (D:1)
  3 hobgoblins (D:1)
  2 kobolds (D:1)
  A quokka (D:1)
  A rat (D:1)
11 creatures vanquished.

Notes
Turn   | Place    | Note
-------+----------+-------------------------------------------
     0 | Abyss:1  | enile the Formicid Abyssal Knight began the quest for the
                  | Orb.
     0 | Abyss:1  | Reached XP level 1. HP: 18/18 MP: 2/2
   222 | Abyss:1  | Noticed a wretched star
   224 | Abyss:1  | Noticed a wizard
   225 | Abyss:1  | Noticed a necromancer
   227 | D:1      | Escaped the Abyss
   272 | D:1      | Reached skill level 1 in Dodging
   470 | D:1      | Reached XP level 2. HP: 24/24 MP: 3/3
   475 | D:1      | Found Nocaxaff's Weapon Shoppe.
   615 | D:1      | You fall into a shaft and drop 1 floor!
   635 | D:2      | HP: 1/24 [adder (2)]
   635 | D:2      | Slain by an adder

Illustrated notes

Levels and vault maps discovered:
D:1:      wander_arrival_lonely_grave, layout_loops_cross, serial_shops, shop,
          minmay_nonomino_d4
D:2:      layout_rooms, nicolae_ecumenical_snake_handling, minmay_hedge_maze,
          minmay_snake_closets

Skill      XL: |  1 |
---------------+----+-----
Dodging        | 1 |  1.2
Fighting       | |  3.5
Long Blades    | |  2.2
Armour         | |  2.5
Invocations    | |  2.5

Action                   || total
-------------------------++-------
Melee: Falchion          ||    40
Invok: Depart the Abyss  ||     1
 Abil: Dig               ||     2
       Shaft Self        ||     1
  Use: Scroll            ||     1
       Potion            ||     1
Armor: Leather armour    ||    14
Dodge: Dodged            ||    39

Table legend: (Time is in decaauts)
 A = Elapsed time spent in this place.
 B = Non-inter-level travel time spent in this place.
 C = Inter-level travel time spent in this place.
 D = Time resting spent in this place.
 E = Time spent auto-exploring this place.
 F = Levels seen in this place.
 G = Mean time per level.
                   A        B        C        D        E       F      G
               +--------+--------+--------+--------+--------+-----+--------+
         Total |    644 |    644 |      0 |      0 |    487 |   3 |  214.7 |
       Dungeon |    417 |    417 |      0 |      0 |    285 |   2 |  208.5 |
         Abyss |    227 |    227 |      0 |      0 |    202 |   1 |  227.0 |
               +--------+--------+--------+--------+--------+-----+--------+

Top non-repeatable levels by time:
     D:1: 397 daAuts
 Abyss:1: 227 daAuts
     D:2: 19 daAuts
